 Dungeon Crawl Stone Soup version 0.28.0-53-g5a82cb258f (webtiles) character file.

Game seed: 9367604078124818358

174 Zeld the Skirmisher (level 5, -1/44 HPs)
             Began as a Palentonga Fighter on May 20, 2022.
             Killed by divine providence
             ... invoked by an orc priest
              (10 damage)
             ... on level 5 of the Dungeon.
             The game lasted 00:02:41 (2860 turns).

Zeld the Skirmisher (Palentonga Fighter)            Turns: 2860, Time: 00:02:42

Health: -1/44      AC:  6    Str: 21    XL:     5   Next: 28%
Magic:  5/5        EV:  7    Int:  8    God:
Gold:   136        SH:  4    Dex: 10    Spells: 4/4 levels left

rFire   . . .      SeeInvis +   a - +0 war axe
rCold   . . .      Faith    .   c - +0 buckler
rNeg    . . .      Spirit   .   b - +0 scale mail
rPois   .          Reflect  .   (no helmet)
rElec   .          Harm     .   (no cloak)
rCorr   .          Rampage  .   (no gloves)
Will    .....                   (no barding)
Stlth   ..........              (no amulet)
HPRegen 0.14/turn               (no ring)
MPRegen 0.09/turn               (no ring)

@: no status effects
A: large, rugged brown scales 3, see invisible, deformed body, roll 1, armoured
tail
a: Rolling Charge


You were on level 5 of the Dungeon.
You visited 1 branch of the dungeon, and saw 5 of its levels.

You collected 136 gold pieces.

Inventory:

Hand Weapons
 a - a +0 war axe (weapon)
Armour
 b - a +0 scale mail (worn)
 c - a +0 buckler (worn)
Scrolls
 e - a scroll of identify {unknown}
 f - 2 scrolls of fear {unknown}
 h - a scroll of holy word {unknown}
 i - a scroll of amnesia {unknown}
 j - a scroll of enchant weapon {unknown}
 m - a scroll of vulnerability {unknown}
 n - 3 scrolls of immolation {unknown}
 p - a scroll of enchant armour {unknown}
 q - a scroll of teleportation {unknown}
Potions
 d - a potion of might
 g - a potion of degeneration {unknown}
 k - a potion of attraction {unknown}
 l - a potion of mutation {unknown}
 o - a potion of magic {unknown}


   Skills:
 * Level 4.1 Fighting
 * Level 3.4 Axes
 + Level 2.8 Armour
 + Level 1.3 Dodging
 + Level 2.9 Shields


You had 4 spell levels left.
You didn't know any spells.
Your spell library was empty.

Dungeon Overview and Level Annotations

Branches:
Dungeon (5/15)
 Temple: D:4-7

Altars:
Gozag

Annotations:
D:4 Menkaure


Innate Abilities, Weirdness & Mutations

You are completely covered in rugged brown scales. (AC +3, +7% HP)
You have supernaturally acute eyesight. (SInv)
Armour fits poorly on your strangely shaped body.
You can roll at nearby foes to attack.
You have a long armoured tail.


Message History

You miss the adder.
The orc shouts!
You tail-slap the adder.
You kill the adder!
You hear a shout!
An orc comes into view. It is wielding a +0 flail.
You see here an adder corpse.
There is a stone staircase leading up here.
You start resting.
An orc is nearby!
An orc is nearby!
An orc comes into view. It is wielding a +0 club.
The orc barely misses you.
You slash the orc!
You kill the orc!
The orc shouts! x2
An orc comes into view. It is wielding a +0 hand axe.
Things that are here:
a +0 hand axe; an orc corpse You roll forward with a clatter of scales!
You barely miss the orc. The orc hits you with a +0 flail!
The orc hits you with a +0 flail.
* * * LOW HITPOINT WARNING * * *
You are too injured to fight recklessly!
You are too injured to fight recklessly!
You closely miss the orc. You block the orc's attack.
You completely miss the orc. You hit the orc. The orc closely misses you.
The orc hits you but does no damage.
Unknown command.
You hit the orc but do no damage. You slash the orc!
You kill the orc!
The orc hits you with a +0 flail.
* * * LOW HITPOINT WARNING * * *
The orc hits you with a +0 flail.
* * * LOW HITPOINT WARNING * * *
An orc priest comes into view. It is wielding a +0 whip.
The orc priest shouts!
The orc priest calls down the wrath of Beogh upon you.
Beogh smites you!
You die...

# ............o.o..........
#. #.........oo...........#
#..##........#####........#
#............## #........#
#.............# ##........
.......$......# ##..##....#
...^...†....o.###o)## ....
.....♣..<......#.o## ..#
......o........@.## .
....P...........##
...P..≈♣P.......#
..P..♣≈≈.........#
....≈♣≈≈≈........#
...P♣≈≈♣≈......... o♣ ≈
≈≈.......#. ...........


You could see an orc priest and 2 orcs.

Vanquished Creatures
  A water moccasin skeleton (D:4)
  5 adders
  An ufetubus (D:4)
  A worm (D:2)
  A dart slug (D:1)
  3 orcs
  4 bats
  7 endoplasms
  3 giant cockroaches
  4 goblins
  7 hobgoblins
  3 jackals (D:1)
  3 quokkas
  5 ball pythons
  6 frilled lizards
  9 kobolds
  5 rats
68 creatures vanquished.

Vanquished Creatures (others)
  A plant (D:5)
1 creature vanquished.

Grand Total: 69 creatures vanquished

Notes
Turn   | Place    | Note
-------+----------+-------------------------------------------
     0 | D:1      | Zeld the Palentonga Fighter began the quest for the Orb.
     0 | D:1      | Reached XP level 1. HP: 19/19 MP: 1/1
    74 | D:1      | Found a faded altar of an unknown god.
   206 | D:1      | Reached XP level 2. HP: 25/25 MP: 2/2
  1087 | D:2      | Reached XP level 3. HP: 31/31 MP: 3/3
  1298 | D:2      | You fall into a shaft and drop 1 floor!
  1781 | D:2      | Reached XP level 4. HP: 29/39 MP: 4/4
  1900 | D:2      | Found an opulent altar of Gozag.
  2145 | D:2      | Reached skill level 1 in Dodging
  2721 | D:4      | Reached skill level 4 in Fighting
  2721 | D:4      | Reached XP level 5. HP: 44/44 MP: 5/5
  2807 | D:4      | Noticed Menkaure
  2819 | D:5      | Entered Level 5 of the Dungeon
  2860 | D:5      | Killed from afar by an orc priest

Illustrated notes

Levels and vault maps discovered:
D:1:      dpeg_arrival_arbitrary_b, layout_basic,
          shapermc_ecumenical_altar_mp_highgroup
D:2:      minmay_evil_eye, layout_basic, basic_altar
D:3:      layout_rooms
D:4:      minmay_clustersquares, layout_rooms, uniq_menkaure
D:5:      layout_layer_cave, amcnicky_altar_gilded, serial_bayou_pond_a,
          minmay_misc_feat_cross, st_stairs_9, uniq_prince_ribbit1

Skill      XL: |  1  2  3  4 |
---------------+-------------+-----
Dodging        | 1 |  1.3
Axes           | 3 |  3.4
Fighting       | 4 |  4.1
Armour         | |  2.8
Shields        | |  2.9

Action                   |  1- 3 |  4- 6 || total
-------------------------+-------+-------++-------
Melee: War axe           |   136 |    51 ||   187
       Tailslap          |     8 |     4 ||    12
 Abil: Rolling Charge    |    11 |     6 ||    17
Armor: Scale mail        |    78 |    23 ||   101
Dodge: Dodged            |    59 |    16 ||    75
Block: Buckler           |    34 |    10 ||    44
